 Dungeon Crawl Stone Soup version 0.22.0 (webtiles) character file.

141368 rgaf the Severer (level 16, -5/149 HPs)
             Began as a Minotaur Fighter on Aug 10, 2018.
             Was the Champion of Makhleb.
             Slain by Polyphemus (13 damage)
             ... on level 4 of the Shoals.
             The game lasted 00:26:06 (26725 turns).

rgaf the Severer (Minotaur Fighter)                Turns: 26725, Time: 00:26:07

Health: -5/149     AC: 18    Str: 36    XL:     16   Next: 48%
Magic:  23/23      EV:  9    Int:  5    God:    Makhleb [******]
Gold:   553        SH: 17    Dex: 15    Spells: 15/15 levels left

rFire    + . .     SeeInvis .   a - +3 broad axe (elec)
rCold    . . .     Gourm    .   c - +1 shield
rNeg     + . .     Faith    .   l - +2 chain mail {rPois}
rPois    +         Spirit   .   (helmet restricted)
rElec    +         Reflect  .   W - +0 cloak {MR+}
rCorr    .         Harm     .   p - +0 pair of gloves
MR       +++..                  (no boots)
Stlth    ..........             g - amulet of rage
HPRegen  0.34/turn              X - ring of the Scavenger {+Fly rElec MR+ Str+4 Dex+4}
MPRegen  0.18/turn              Y - ring of Qeugac {rF+ rN+ Str+5}

@: no status effects
A: retaliatory headbutt, horns 2
}: 1/15 runes: serpentine
a: Minor Destruction, Lesser Servant of Makhleb, Major Destruction, Greater
Servant of Makhleb, Renounce Religion, Evoke Berserk Rage, Evoke Flight


You were on level 4 of the Shoals.
You worshipped Makhleb.
Makhleb was exalted by your worship.
You were hungry.

You visited 6 branches of the dungeon, and saw 27 of its levels.

You collected 1970 gold pieces.
You spent 1417 gold pieces at shops.

Inventory:

Hand Weapons
 a - a +3 broad axe of electrocution (weapon)
 b - a +1 broad axe of electrocution
Armour
 c - a +1 shield (worn)
 l - a +2 chain mail of poison resistance (worn)
 p - a +0 pair of gloves (worn)
 R - a scarf of repulsion
 W - a +0 cloak of magic resistance (worn)
Jewellery
 d - an uncursed ring of poison resistance
 g - an amulet of rage (around neck)
 n - an uncursed ring of protection from magic
 A - an uncursed ring of protection from fire
 G - an uncursed ring of protection from cold
 N - an uncursed ring of ice
 O - an uncursed ring of protection from magic
 S - an uncursed ring of protection from fire
 X - the ring of the Scavenger (left hand) {+Fly rElec MR+ Str+4 Dex+4}
   (You bought it in a shop on level 6 of the Dungeon)

   [ring of flight]

   It affects your strength (+4).
   It affects your dexterity (+4).
   It insulates you from electricity.
   It affects your resistance to hostile enchantments.
   It lets you fly.
 Y - the ring of Qeugac (right hand) {rF+ rN+ Str+5}
   (You bought it in a shop on level 6 of the Dungeon)

   [ring of positive energy]

   It affects your strength (+5).
   It protects you from fire.
   It protects you from negative energy.
Wands
 i - a wand of disintegration (33)
 j - a wand of clouds (8)
 t - a wand of polymorph (28)
 B - a wand of random effects (73)
 H - a wand of digging (12)
 J - a wand of paralysis (8)
 K - a wand of flame (85)
Scrolls
 f - 5 scrolls of fear
 h - 5 scrolls of enchant weapon
 m - 9 scrolls of teleportation
 r - 6 scrolls of amnesia
 w - 5 scrolls of identify
 y - 15 scrolls of remove curse
 D - a scroll of fog
 M - 6 scrolls of enchant armour
 P - 2 scrolls of magic mapping
 U - a scroll of summoning
 Z - a scroll of silence
Potions
 k - 2 potions of mutation
 o - 2 potions of agility
 q - a potion of magic
 s - 2 potions of brilliance
 u - 3 potions of flight
 v - 3 potions of lignification
 x - 2 potions of cancellation
 z - 5 potions of curing
 F - a potion of invisibility
 Q - a potion of degeneration
Comestibles
 e - 40 rations


   Skills:
 + Level 15.0 Fighting
 - Level 18.0 Axes
 + Level 15.0 Armour
 - Level 15.0 Shields
 + Level 11.2 Invocations
 * Level 7.7 Evocations


You had 15 spell levels left.
You didn't know any spells.
Your spell library contained the following spells:

 Spells                   Type           Power        Failure   Level  Hunger
 Magic Dart               Conj           #...         82%         1    ##.....
 Apportation              Tloc           #.....       82%         1    ##.....
 Bolt of Magma            Conj/Fire/Erth #.........   100%        5    ######.
 Throw Flame              Conj/Fire      #.....       91%         2    ###....
 Throw Frost              Conj/Ice       #.....       91%         2    ###....
 Venom Bolt               Conj/Pois      #.........   100%        5    ######.
 Summon Small Mammal      Summ           #...         82%         1    ##.....
 Iskenderun's Mystic Bla  Conj           #.......     100%        4    #####..
 Animate Dead             Necr           N/A          100%        4    #####..
 Pain                     Necr           #...         82%         1    ##.....
 Animate Skeleton         Necr           N/A          82%         1    ##.....
 Vampiric Draining        Necr           #.........   99%         3    ####...
 Freeze                   Ice            #...         82%         1    ##.....
 Summon Ice Beast         Ice/Summ       #.......     100%        4    #####..
 Ozocubu's Armour         Chrm/Ice       #.......     99%         3    ####...
 Call Imp                 Summ           #.......     91%         2    ###....
 Regeneration             Chrm/Necr      #.........   99%         3    ####...
 Iron Shot                Conj/Erth      #.........   100%        6    #######
 Shock                    Conj/Air       #...         82%         1    ##.....
 Spider Form              Tmut/Pois      #.........   99%         3    ####...
 Blade Hands              Tmut           #.........   100%        5    ######.
 Statue Form              Tmut/Erth      #........    100%        6    #######
 Ice Form                 Ice/Tmut       #.......     100%        4    #####..
 Throw Icicle             Conj/Ice       #.......     100%        4    #####..
 Confusing Touch          Hex            #.....       82%         1    ##.....
 Sticks to Snakes         Tmut           #.......     91%         2    ###....
 Call Canine Familiar     Summ           #.......     99%         3    ####...
 Summon Butterflies       Summ           #.......     82%         1    ##.....
 Shatter                  Erth           #.........   100%        9    #######
 Orb of Destruction       Conj           #.........   100%        7    #######
 Leda's Liquefaction      Hex/Erth       #.........   100%        4    #####..
 Summon Hydra             Summ           #.........   100%        7    #######
 Beastly Appendage        Tmut           #.....       82%         1    ##.....
 Iskenderun's Battlesphe  Conj/Chrm      #.......     100%        5    ######.
 Summon Lightning Spire   Summ/Air       #.......     100%        4    #####..
 Summon Guardian Golem    Hex/Summ       #.......     99%         3    ####...
 Spellforged Servitor     Conj/Summ      #.........   100%        7    #######
 Summon Mana Viper        Hex/Summ       #.......     100%        5    ######.


Dungeon Overview and Level Annotations

Branches:
Dungeon (11/15)            Temple (1/1) D:6            Lair (5/6) D:8
 Shoals (4/4) Lair:3        Snake (4/4) Lair:4          Orc (2/2) D:11
    Elf (0/3) Orc:2
  Slime: Lair:5-6

Altars:
Ashenzari
Cheibriados
Dithmenos
Elyvilon
Fedhas
Gozag
Hepliaklqana
Kikubaaqudgha
Makhleb
Nemelex Xobeh
Okawaru
Qazlal
Ru
Sif Muna
Trog
Uskayaw
Vehumet
Wu Jian
Xom
Yredelemnul
Zin
The Shining One
Beogh
Lugonu

Shops:
D:6 =   D:10 !   Orc:2 %*%[   Shoals:2 ?   Snake:1 =}=

Annotations:
Lair:2 exclusion: oklob plant
Shoals:4 Polyphemus


Innate Abilities, Weirdness & Mutations

You reflexively headbutt those who attack you in melee.
You have a pair of horns on your head.


Message History

You block Polyphemus's attack. Polyphemus hits you!
You slash Polyphemus!
Polyphemus is lightly wounded.
Polyphemus roars, "Attack, my pets!
Attack!"
Polyphemus hits you!! You block Polyphemus's attack.
You are too injured to fight recklessly!
You are too injured to fight recklessly!
You slash Polyphemus! Lightning courses through Polyphemus!
You headbutt Polyphemus!
Polyphemus is moderately wounded.
A catoblepas comes into view.
You are too injured to fight recklessly!
The catoblepas bellows!
You slice Polyphemus!! Lightning courses through Polyphemus!
Polyphemus is heavily wounded.
You hear a bellow!
Polyphemus hits you!!
* * * LOW HITPOINT WARNING * * *
Polyphemus hits you!
You die...

≈≈≈≈≈≈≈≈≈≈≈≈≈≈≈≈≈≈≈≈.....##≈
≈≈≈≈≈≈≈≈≈≈...Y≈≈≈≈≈≈≈.....#,
≈≈≈≈≈≈≈≈≈≈.#<≈≈≈≈≈≈≈≈≈....##
≈≈≈≈≈≈≈≈≈≈..≈≈≈≈≈≈≈≈≈≈.....#
≈≈≈≈≈≈≈≈≈≈.≈≈≈≈≈≈≈≈≈≈≈†....≈
≈≈≈≈≈≈≈≈≈≈≈≈≈≈≈≈≈≈≈(≈≈≈≈≈≈≈.
≈≈≈≈≈≈≈≈≈≈≈≈....≈≈≈≈≈.≈≈≈≈≈≈
≈≈≈≈≈≈≈≈≈≈≈C....≈≈≈.....≈≈≈≈
≈≈≈≈≈≈≈≈≈≈.@....≈(≈.....≈≈≈≈
≈≈≈≈≈≈≈≈≈..(###.(≈......≈≈≈≈
≈≈≈≈≈≈≈≈≈≈...##.........≈≈≈≈
≈≈≈≈≈≈≈≈≈≈..............≈≈≈≈
≈≈≈≈≈≈≈≈≈.....^..........≈≈≈
≈≈≈≈≈≈≈≈≈.#....≈≈≈≈..###.≈≈≈
≈≈≈≈≈≈≈≈≈.##...≈≈≈≈..#*#..≈≈
≈≈≈≈≈≈≈≈≈....≈≈≈≈≈≈≈..##.≈≈≈
≈≈≈≈≈≈≈≈≈...≈≈≈≈≈≈≈≈≈....≈≈≈


You could see Polyphemus and a catoblepas.

Vanquished Creatures
  Asterion (Snake:3)
  7 nagarajas
  An orc warlord (Orc:1)
  A stone giant (Shoals:3)
  A merfolk javelineer (Shoals:3)
  4 merfolk impalers
  11 naga warriors
  Harold (D:7)
  An anaconda (Snake:2)
  2 merfolk avatars (Shoals:4)
  2 satyrs
  4 merfolk aquamancers
  4 death yaks (Lair:4)
  4 two-headed ogres (Orc:2)
  10 naga sharpshooters
  4 orc high priests (Orc:2)
  2 shock serpents
  A naga ritualist (Snake:1)
  An unseen horror (D:11)
  6 sea snakes
  Pikel (D:7)
  3 orc knights
  A lindwurm (Lair:4)
  5 mana vipers
  10 harpies
  2 manticores
  15 fauns
  3 cyclopes
  6 orc sorcerers (Orc:2)
  An elephant (Lair:4)
  An ugly thing (D:11)
  8 merfolk sirens
  12 black mambas
  6 salamanders
  2 guardian serpents (Snake:3)
  2 water nymphs
  8 naga magi
  A torpor snail (Lair:3)
  A gargoyle (D:10)
  4 spiny frogs
  4 rime drakes
  4 komodo dragons
  A queen bee (Lair:4)
  14 merfolk
  2 meliai (Lair:4)
  4 trolls
  3 wind drakes
  5 hornets
  A polar bear (Lair:5)
  18 blink frogs
  4 snapping turtles
  8 hippogriffs
  7 dream sheep
  A vampire (D:10)
  16 water elementals
  5 wyverns (Lair:4)
  33 yaks
  4 basilisks
  Menkaure (D:4)
  A warg (Orc:2)
  52 nagas
  2 soldier ants
  7 porcupines
  Duvessa (D:4)
  5 water moccasins
  39 orc warriors
  4 phantoms
  4 sky beasts
  A black bear (D:10)
  9 ice beasts
  11 ogres
  24 wolves
  7 centaurs
  6 crocodiles
  8 bullfrogs
  A water moccasin zombie (D:11)
  A water moccasin skeleton (D:11)
  Dowan (D:4)
  6 scorpions
  28 killer bees
  2 howler monkeys
  5 wights (D:6)
  A bullfrog zombie (D:9)
  4 crimson imps
  A centaur zombie (D:8)
  7 hounds
  4 jellies
  13 orc wizards
  25 orc priests
  2 centaur skeletons (D:4)
  5 bullfrog skeletons
  Ijyb (D:4)
  2 iguanas
  Terence (D:2)
  4 worker ants
  A hound zombie (D:7)
  A howler monkey zombie (D:9)
  2 worker ant zombies
  12 gnolls
  A river rat (D:8)
  13 adders
  A shadow imp (D:5)
  2 oozes (D:3)
  An adder skeleton (D:8)
  An adder zombie (D:6)
  2 worms (D:4)
  3 dart slugs
  5 leopard geckos
  95 orcs
  7 bats
  3 giant cockroaches
  5 goblins
  6 hobgoblins
  6 jackals
  8 quokkas
  A ball python (D:4)
  A ball python skeleton (D:4)
  2 frilled lizards
  8 kobolds
  A leopard gecko skeleton (D:5)
  2 leopard gecko zombies (D:7)
  A quokka skeleton (D:9)
  3 rats
  A fungus (Lair:4)
  3 plants
788 creatures vanquished.

Vanquished Creatures (collateral kills)
  A hydra (Lair:4)
  A blink frog (Lair:4)
  A hippogriff (Lair:4)
  2 killer bees (Lair:4)
5 creatures vanquished.

Vanquished Creatures (others)
  A slave (D:7)
  A gnoll sergeant (D:7)
  An orc wizard (D:7)
  3 gnolls (D:7)
  7 fungi (Lair:4)
  9 plants
  4 tentacles (Shoals:2)
26 creatures vanquished.

Grand Total: 819 creatures vanquished

Notes
Turn   | Place    | Note
-------+----------+-------------------------------------------
     0 | D:1      | rgaf the Minotaur Fighter began the quest for the Orb.
     0 | D:1      | Reached XP level 1. HP: 19/19 MP: 0/0
   109 | D:1      | Reached XP level 2. HP: 20/27 MP: 1/1
   228 | D:2      | Reached skill level 3 in Axes
   444 | D:2      | Found a snail-covered altar of Cheibriados.
   459 | D:2      | Noticed Terence
   468 | D:2      | Reached XP level 3. HP: 18/33 MP: 2/2
   469 | D:2      | Killed Terence
   656 | D:2      | Reached XP level 4. HP: 26/40 MP: 3/3
   938 | D:3      | Reached skill level 4 in Axes
  1130 | D:3      | Reached XP level 5. HP: 44/47 MP: 4/4
  1463 | D:3      | Reached skill level 5 in Axes
  1467 | D:3      | Reached XP level 6. HP: 17/55 MP: 5/5
  1859 | D:3      | Reached skill level 5 in Armour
  1882 | D:3      | Found a stormy altar of Qazlal.
  1973 | D:3      | Reached skill level 5 in Fighting
  1974 | D:3      | Reached skill level 5 in Shields
  2211 | D:4      | Found an ancient bone altar of Kikubaaqudgha.
  2231 | D:4      | Reached skill level 6 in Axes
  2552 | D:4      | Reached XP level 7. HP: 56/61 MP: 6/6
  2824 | D:4      | Noticed Menkaure
  2829 | D:4      | Killed Menkaure
  3124 | D:4      | Noticed Ijyb
  3136 | D:4      | Killed Ijyb
  3168 | D:4      | Found an iron altar of Okawaru.
  3192 | D:4      | Noticed Duvessa
  3192 | D:4      | Noticed Dowan
  3199 | D:4      | Killed Dowan
  3199 | D:4      | Reached skill level 7 in Axes
  3207 | D:4      | Killed Duvessa
  3449 | D:4      | Found a glowing golden altar of the Shining One.
  3679 | D:5      | Entered Level 5 of the Dungeon
  3890 | D:5      | Reached XP level 8. HP: 65/70 MP: 7/7
  4316 | D:6      | Found an opulent altar of Gozag.
  4479 | D:6      | Found a basalt altar of Yredelemnul.
  4487 | D:6      | Reached skill level 8 in Axes
  5142 | D:6      | Found a staircase to the Ecumenical Temple.
  5244 | D:6      | Found Uxiphet's Jewellery Shoppe.
  5267 | Temple   | Entered the Ecumenical Temple
  5321 | D:6      | Reached skill level 9 in Axes
  5350 | D:6      | Found a sparkling altar of Nemelex Xobeh.
  5427 | D:6      | Reached XP level 9. HP: 34/79 MP: 8/8
  5674 | D:6      | Found a bloodstained altar of Trog.
  5872 | D:7      | Noticed Harold
  5899 | D:7      | Killed Harold
  5899 | D:7      | Reached skill level 10 in Axes
  6105 | D:7      | Found a shattered altar of Ashenzari.
  6231 | D:7      | Found a glowing silver altar of Zin.
  6319 | D:7      | Noticed Pikel
  6335 | D:7      | Killed Pikel
  6388 | D:7      | Found a white marble altar of Elyvilon.
  6509 | D:7      | Found a burning altar of Makhleb.
  6522 | D:7      | Became a worshipper of Makhleb the Destroyer
  6721 | D:8      | Reached skill level 11 in Axes
  6768 | D:8      | Found a sacrificial altar of Ru.
  6777 | D:8      | Reached XP level 10. HP: 90/90 MP: 9/9
  6859 | D:8      | Reached skill level 1 in Invocations
  7064 | D:8      | Found a staircase to the Lair.
  7965 | D:9      | Found an ornate altar of the Wu Jian Council.
  7972 | D:9      | Found a shadowy altar of Dithmenos.
  8038 | D:9      | Paralysed by a hornet for 1 turns
  8376 | D:9      | Paralysed by a hornet for 1 turns
  8387 | D:9      | Paralysed by a hornet for 3 turns
  8408 | D:9      | Reached skill level 12 in Axes
  8412 | D:9      | Paralysed by a hornet for 3 turns
  8679 | D:9      | Reached * piety under Makhleb
  9753 | D:10     | Entered Level 10 of the Dungeon
  9788 | D:10     | Reached XP level 11. HP: 99/99 MP: 12/12
 10458 | D:10     | Found Kiryrah's Distillery.
 10958 | D:11     | Reached skill level 10 in Fighting
 10988 | D:11     | Reached skill level 10 in Shields
 10996 | D:11     | Reached skill level 10 in Armour
 11001 | D:11     | Reached ** piety under Makhleb
 11061 | D:11     | Reached skill level 13 in Axes
 11179 | D:11     | Found a staircase to the Orcish Mines.
 11677 | D:11     | Killed an unseen horror
 11791 | D:11     | Noticed a purple ugly thing
 11799 | D:11     | Killed a purple ugly thing
 12336 | Lair:1   | Entered Level 1 of the Lair of Beasts
 12411 | Lair:1   | Reached skill level 5 in Invocations
 13169 | Lair:2   | Reached XP level 12. HP: 106/108 MP: 15/15
 13177 | Lair:2   | Reached *** piety under Makhleb
 13184 | Lair:2   | Reached skill level 14 in Axes
 13719 | Lair:3   | You fall through a shaft for 2 floors!
 13944 | Lair:4   | Noticed a death yak
 13944 | Lair:4   | Noticed a death yak
 13946 | Lair:4   | Noticed a death yak
 13981 | Lair:4   | Noticed a death yak
 13986 | Lair:4   | Killed a death yak
 13995 | Lair:4   | Killed a death yak
 14000 | Lair:4   | Killed a death yak
 14009 | Lair:4   | Killed a death yak
 14203 | Lair:4   | Reached skill level 15 in Axes
 14234 | Lair:4   | Reached **** piety under Makhleb
 14418 | Lair:4   | Found a staircase to the Snake Pit.
 15060 | Lair:4   | Noticed a four-headed hydra
 15069 | Lair:4   | Killed a six-headed hydra
 15069 | Lair:4   | Reached XP level 13. HP: 56/117 MP: 17/17
 16709 | Lair:3   | Found a staircase to the Shoals.
 17277 | Orc:1    | Entered Level 1 of the Orcish Mines
 17349 | Orc:2    | Entered Level 2 of the Orcish Mines
 17354 | Orc:1    | Reached skill level 16 in Axes
 17408 | Orc:2    | Reached ***** piety under Makhleb
 18001 | Orc:2    | Found a staircase to the Elven Halls.
 18589 | Orc:2    | Found Necsuni's Armour Emporium.
 18668 | Orc:2    | Bought a +0 cloak of magic resistance for 172 gold pieces
 18684 | Orc:2    | Found Ysmomu's Food Shoppe.
 19011 | Orc:2    | Found a roughly hewn altar of Beogh.
 19108 | Orc:2    | Paralysed by an orc sorcerer for 7 turns
 19594 | Orc:2    | Noticed an orc warlord
 20015 | Orc:1    | Killed an orc warlord
 20073 | Orc:2    | Reached XP level 14. HP: 127/127 MP: 19/19
 20163 | Orc:2    | Found a roughly hewn altar of Beogh.
 20193 | Orc:2    | Found Jym Unuo's General Store.
 20377 | Orc:2    | Found Jomej's Food Emporium.
 20747 | D:6      | Bought the ring of the Scavenger {+Fly rElec MR+ Str+4 Dex+4} for 592 gold pieces
 20747 | D:6      | Bought the ring of Qeugac {rF+ rN+ Str+5} for 489 gold pieces
 20906 | Snake:1  | Entered Level 1 of the Snake Pit
 20954 | Snake:1  | Reached skill level 17 in Axes
 20964 | Snake:1  | Reached ****** piety under Makhleb
 21257 | Snake:1  | Identified the Disquisition on Flying Arcane Weapons
 21438 | Snake:1  | Found Aclack's Gadget Shoppe.
 21439 | Snake:1  | Found Boczam's Jewellery Shop.
 21439 | Snake:1  | Found Togaempa's Jewellery Shop.
 22213 | Snake:2  | You fall through a shaft!
 22213 | Snake:3  | Noticed Asterion
 22224 | Snake:3  | Killed Asterion
 22374 | Snake:3  | Identified a scroll of acquirement
 22435 | Snake:3  | Noticed a nagaraja
 22453 | Snake:3  | Killed a nagaraja
 22648 | Snake:3  | Reached skill level 18 in Axes
 22703 | Snake:3  | Reached XP level 15. HP: 132/136 MP: 21/21
 22791 | Snake:4  | Entered Level 4 of the Snake Pit
 23035 | Snake:4  | Reached skill level 1 in Evocations
 23051 | Snake:4  | Noticed a nagaraja
 23056 | Snake:4  | Noticed a nagaraja
 23077 | Snake:4  | Killed a nagaraja
 23244 | Snake:4  | Killed a nagaraja
 23681 | Snake:4  | Noticed a nagaraja
 23695 | Snake:4  | Killed a nagaraja
 23695 | Snake:4  | Reached skill level 10 in Invocations
 23754 | Snake:4  | Noticed a nagaraja
 23769 | Snake:4  | Noticed a nagaraja
 23779 | Snake:4  | Noticed a nagaraja
 23791 | Snake:4  | Killed a nagaraja
 23817 | Snake:4  | Killed a nagaraja
 23821 | Snake:4  | Killed a nagaraja
 23830 | Snake:4  | HP: 5/138 [naga/short sword (2)]
 24339 | Snake:4  | Got a serpentine rune of Zot
 24601 | Shoals:1 | Entered Level 1 of the Shoals
 24667 | Shoals:1 | Reached skill level 5 in Evocations
 25221 | Shoals:2 | Reached XP level 16. HP: 114/147 MP: 23/23
 25742 | Shoals:2 | Found Ollerphex's Magic Scroll Shoppe.
 25750 | Shoals:2 | Bought a scroll of magic mapping for 52 gold pieces
 25750 | Shoals:2 | Bought a scroll of enchant armour for 112 gold pieces
 25759 | Shoals:2 | Noticed a kraken
 26597 | Shoals:4 | Entered Level 4 of the Shoals
 26702 | Shoals:4 | Reached skill level 15 in Armour
 26702 | Shoals:4 | Reached skill level 15 in Shields
 26703 | Shoals:4 | Noticed Polyphemus
 26704 | Shoals:4 | Reached skill level 15 in Fighting
 26725 | Shoals:4 | Slain by Polyphemus

Skill      XL: |  1  2  3  4  5  6  7  8  9 10 11 12 13 14 15 16 |
---------------+-------------------------------------------------+-----
Axes           | 3 4 5 6 7 9 11 12 13 15 16 18 | 18.0
Armour         | 4 5 6 7 8 9 10 11 12 13 14 15 | 15.0
Fighting       | 4 5 6 7 8 9 10 11 12 13 14 15 | 15.0
Shields        | 4 5 6 7 8 9 10 11 12 13 14 15 | 15.0
Invocations    | 3 5 6 8 9 10 11 | 11.2
Evocations     | 6 7 |  7.7

Action                   |  1- 3 |  4- 6 |  7- 9 | 10-12 | 13-15 | 16-18 || total
-------------------------+-------+-------+-------+-------+-------+-------++-------
Melee: War axe           |    77 |   142 |   298 |   807 |   615 |       ||  1939
       Headbutt          |     8 |    27 |    44 |   169 |   300 |    62 ||   610
       Broad axe         |       |       |       |       |   547 |   224 ||   771
Invok: Lesser Servant of |       |       |       |     2 |     4 |       ||     6
 Abil: Evoke Berserk Rag |       |       |       |       |     2 |     1 ||     3
Evoke: Wand              |       |       |       |     6 |     8 |       ||    14
  Use: Potion            |       |     2 |     1 |     6 |    10 |       ||    19
       Scroll            |       |       |     8 |     9 |    22 |     2 ||    41
  Eat: Chunk             |       |     6 |    13 |    27 |    18 |     6 ||    70
       Ration            |       |       |       |       |     5 |       ||     5
Armor: Scale mail        |    37 |    63 |       |       |       |       ||   100
       Plate armour      |       |     4 |   151 |   350 |   111 |       ||   616
       Skin              |       |       |       |       |     8 |       ||     8
       Chain mail        |       |       |       |       |   175 |    56 ||   231
Dodge: Dodged            |    32 |    47 |    51 |   203 |   256 |    43 ||   632
       Deflected         |       |       |       |       |     1 |       ||     1
Block: Shield            |    53 |    75 |   174 |   542 |   769 |   177 ||  1790
